 Dungeon Crawl Stone Soup version 0.31.0-11-ge490571c62 (webtiles) character file.

Game seed: 2652635311843539907

182232 Aldia the Spry (level 17, -28/103 HPs)
             Began as a Deep Elf Conjurer on Feb 5, 2024.
             Was a High Priest of Sif Muna.
             Killed from afar by a quicksilver dragon (36 damage)
             ... with a bolt of dispelling energy
             ... on level 4 of the Snake Pit.
             The game lasted 01:50:37 (34107 turns).

Aldia the Spry (Deep Elf Conjurer)                 Turns: 34107, Time: 01:50:37

Health: -28/103    AC:  8    Str:  4    XL:     17   Next: 70%
Magic:  4/49       EV: 20    Int: 30    God:    Sif Muna [*****.]
Gold:   1810       SH:  7    Dex: 13    Spells: 13/51 levels left

rFire   + . .        n - staff of conjuration
rCold   + . .        a - +2 buckler
rNeg    + + +        G - +0 toga "Victory" {*Victory Clar}
rPois   +            o - +1 helmet
rElec   .            K - scarf {repulsion}
rCorr   .            r - +2 pair of gloves
SInv    +            M - +0 pair of boots of Ociygohi {rC+ SInv}
Will    +....        j - amulet of regeneration
Stlth   ++           A - ring of the Tsukumogami {rPois rF+ rN++ MP+9 Int-2}
HPRegen 1.17/turn    l - ring of positive energy
MPRegen 0.31/turn

%: repel missiles, clarity
@: very slightly contaminated, studying Dodging
A: no striking features
a: Renounce Religion, Channel Magic, Forget Spell, Divine Exegesis


You were on level 4 of the Snake Pit.
You worshipped Sif Muna.
Sif Muna was extremely pleased with you.
You visited 5 branches of the dungeon, and saw 27 of its levels.
You also visited: Volcano.

You collected 3830 gold pieces.
You spent 2020 gold pieces at shops.

Inventory:

Armour
 a - a +2 buckler (worn)
 o - a +1 helmet (worn)
 r - a +2 pair of gloves (worn)
 t - a +2 kite shield of reflection
 G - the +0 toga "Victory" (worn) {*Victory Clar}
   (You found it on level 7 of the Dungeon)

   *Victory:  When the wearer kills a threatening monster, it has a chance to
   gain +1 AC, +1 Slay, and +1 Int, capping at +7.
   When the wearer uses a scroll or a potion with a hostile monster in sight,
   its bonuses reset to +0.
   Unequipping it also resets its bonuses to +0.
   Clar:      It protects you from confusion, rage, mesmerisation and fear.
 K - a scarf of repulsion (worn)
 M - the +0 pair of boots of Ociygohi (worn) {rC+ SInv}
   (You found it in a volcano)

   rC+:       It protects you from cold.
   SInv:      It lets you see invisible.
 W - a +2 cloak
 X - the +1 robe "Jicae" {rElec Will- Slay+2 Archmagi}
   (You found it on level 5 of the Lair of Beasts)

   Slay+2:    It affects your accuracy & damage with ranged weapons and melee
   (+2).
   rElec:     It insulates you from electricity.
   Will-:     It decreases your willpower.
   Archmagi:  It increases the power of your magical spells.
Magical Staves
 n - a staff of conjuration (weapon)
Jewellery
 i - an amulet of reflection
 j - an amulet of regeneration (around neck)
 l - a ring of positive energy (right hand)
 A - the ring of the Tsukumogami (left hand) {rPois rF+ rN++ MP+9 Int-2}
   (You acquired it on level 6 of the Dungeon)

   [ring of poison resistance]

   Int-2:     It affects your intelligence (-2).
   rF+:       It protects you from fire.
   rPois:     It protects you from poison rN++: It greatly protects you from
   negative energy.
   MP+9:      It affects your magic capacity (+9).
 L - a ring of fire
 O - an amulet of faith
Wands
 b - a wand of roots (21)
 x - a wand of flame (50)
 y - a wand of paralysis (21)
 C - a wand of mindburst (1)
 D - a wand of acid (31)
 S - a wand of digging (11)
 T - a wand of polymorph (2)
Scrolls
 d - 10 scrolls of teleportation
 f - 3 scrolls of noise
 g - 2 scrolls of immolation
 k - 6 scrolls of vulnerability
 m - 2 scrolls of poison
 v - 3 scrolls of fog
 z - 2 scrolls of torment
 J - a scroll of amnesia
 P - 7 scrolls of identify
 R - 2 scrolls of brand weapon
 U - a scroll of enchant weapon
 Y - 2 scrolls of revelation
 Z - 2 scrolls of silence
Potions
 c - 3 potions of enlightenment
 e - 3 potions of haste
 h - 2 potions of resistance
 p - 5 potions of mutation
 q - 6 potions of lignification
 u - 12 potions of curing
 w - 2 potions of brilliance
 B - 3 potions of might
 E - a potion of cancellation
 F - 5 potions of attraction
 H - 2 potions of berserk rage
 I - a potion of ambrosia
 N - 2 potions of invisibility
 Q - 2 potions of magic


   Skills:
 + Level 10.4 Fighting
 + Level 18.4 Dodging
 - Level 4.0 Stealth
 - Level 4.0 Shields
 + Level 17.7 Spellcasting
 - Level 17.0 Conjurations
 - Level 10.0 Hexes
 - Level 5.2 Translocations
 - Level 8.0 Fire Magic
 - Level 8.0 Alchemy
 - Level 10.1 Invocations


You had 13 spell levels left.
You knew the following spells:

 Your Spells              Type           Power      Damage    Failure   Level
a - Magic Dart            Conj           100%       1d8       0%          1
b - Blink                 Tloc           100%       N/A       1%          2
c - Fulminant Prism       Conj/Alch      50%        3d23      1%          4
d - Iskenderun's Mystic   Conj/Tloc      96%        2d19      1%          4
e - Apportation           Tloc           100%       N/A       1%          1
g - Fireball              Conj/Fire      50%        3d20      1%          5
h - Yara's Violent Unrav  Hex/Alch       34%        3d14      1%          5
i - Passage of Golubria   Tloc           55%        N/A       3%          4
j - Orb of Destruction    Conj           57%        9d14      2%          7
k - Irradiate             Conj/Alch      50%        3d28      1%          5

Your spell library contained the following spells:

 Spells                   Type           Power      Damage    Failure   Level
 Sting                    Conj/Alch      100%       1d9       0%          1
 Searing Ray              Conj           100%       2d8       0%          2
 Shock                    Conj/Air       100%       1d9       1%          1
 Slow                     Hex            100%       N/A       1%          1
 Ensorcelled Hibernation  Hex/Ice        100%       N/A       1%          2
 Jinxbite                 Hex            100%       N/A       1%          2
 Lesser Beckoning         Tloc           100%       N/A       1%          2
 Momentum Strike          Conj/Tloc      100%       3d10      1%          2
 Confusing Touch          Hex            72%        N/A       1%          3
 Dazzling Flash           Conj/Hex       100%       N/A       1%          3
 Gell's Gravitas          Tloc           55%        N/A       1%          3
 Hailstorm                Conj/Ice       86%        3d14      1%          3
 Inner Flame              Hex/Fire       69%        N/A       1%          3
 Sigil of Binding         Hex            72%        N/A       1%          3
 Teleport Other           Tloc           55%        N/A       1%          3
 Tukima's Dance           Hex            72%        N/A       1%          3
 Volatile Blastmotes      Fire/Tloc      100%       2d18      1%          3
 Brom's Barrelling Bould  Conj/Erth      86%        2d10      1%          4
 Cause Fear               Hex            36%        N/A       1%          4
 Dimensional Bullseye     Hex/Tloc       32%        N/A       1%          4
 Iskenderun's Battlesphe  Conj           100%       2d15      1%          5
 Freeze                   Ice            100%       1d10      2%          1
 Necrotise                Necr           100%       1d9       2%          1
 Summon Small Mammal      Summ           100%       N/A       2%          1
 Arcjolt                  Conj/Air       43%        1d53      2%          5
 Anguish                  Hex/Necr       27%        N/A       3%          4
 Manifold Assault         Tloc           55%        N/A       3%          4
 Sublimation of Blood     Necr           26%        N/A       4%          2
 Petrify                  Alch/Erth      50%        N/A       5%          4
 Summon Blazeheart Golem  Fire/Summ      50%        N/A       5%          4
 Call Canine Familiar     Summ           26%        N/A       9%          3
 Frozen Ramparts          Ice            52%        1d8       9%          3
 Fugue of the Fallen      Necr           26%        N/A       9%          3
 Ozocubu's Armour         Ice            26%        N/A       9%          3
 Passwall                 Erth           26%        N/A       9%          3
 Summon Ice Beast         Ice/Summ       26%        N/A       9%          3
 Swiftness                Air            26%        N/A       9%          3
 Vampiric Draining        Necr           26%        2d7       9%          3
 Vhi's Electric Charge    Tloc/Air       84%        N/A       10%         4
 Metabolic Englaciation   Hex/Ice        27%        N/A       10%         5
 Conjure Ball Lightning   Conj/Air       43%        3x3d15    13%         6
 Animate Armour           Summ/Erth      52%        N/A       28%         4
 Summon Lightning Spire   Summ/Air       26%        N/A       28%         4
 Enfeeble                 Hex            36%        N/A       36%         7
 Dispersal                Tloc           27%        N/A       45%         6
 Lee's Rapid Deconstruct  Erth           13%        3d9*      61%         5
 Sculpt Simulacrum        Ice/Alch       25%        N/A       63%         6
 Monstrous Menagerie      Summ           13%        N/A       100%        7
 Ignition                 Fire           32%        3d10      100%        8
 Chain Lightning          Conj/Air       43%        3d57      100%        9
 Dragon's Call            Summ           13%        N/A       100%        9


Dungeon Overview and Level Annotations

Branches:
Dungeon (15/15)            Temple (1/1) D:4            Lair (5/5) D:10
 Shoals (0/4) Lair:3        Snake (4/4) Lair:2        Slime (0/5) Lair:5
    Orc (2/2) D:9             Elf (0/3) Orc:2        Vaults (0/5) D:13
 Depths (0/4) D:15        Volcano (visited)

Altars:
Ashenzari
Cheibriados
Dithmenos
Elyvilon
Fedhas
Gozag
Hepliaklqana
Kikubaaqudgha
Makhleb
Nemelex Xobeh
Okawaru
Qazlal
Ru
Sif Muna
Trog
Uskayaw
Vehumet
Wu Jian
Xom
Yredelemnul
Zin
The Shining One
Jiyva

Shops:
D:3 (   D:4 [=!   Orc:1 !   Orc:2 [:!(   Snake:2 ![?[   Snake:3 [

Annotations:
D:15 1 runed translucent door, Ver Nao's ghost, journeyman OpSh
Snake:4 2 transporters, exclusion: ice statue, AutarchDCSS's ghost, adept DgSh


Message History

The naga sharpshooter gestures wildly while chanting.
The naga sharpshooter magically shoots an arrow.
The arrow hits you!
* * * LOW HITPOINT WARNING * * *
Unknown command.
Unknown command.
Unknown command.
Blink to where?
Press: ? - help, Dir - move target
As you read the scroll of blinking, it crumbles to dust.
You feel yourself speed up.
Your attacks no longer feel as feeble.
You feel less vulnerable to poison.
Unknown command.
You feel much better.
Unknown command.
The quicksilver dragon breathes dispelling energy at you.
The bolt of dispelling energy hits you!!
* * * LOW HITPOINT WARNING * * *
Unknown command.
Unknown command.
You feel much better.
Unknown command.
Unknown command.
Blink to where?
Press: ? - help, Dir - move target
As you read the scroll of blinking, it crumbles to dust.
Casting: Irradiate (mildly dangerous; 1% risk of failure)
Confirm with . or Enter, or press ? or * to list all spells.
Aiming: Orb of Destruction (dangerous; 2% risk of failure)
Press: ? - help, Shift-Dir - straight line, f - quicksilver dragon
Aim: a quicksilver dragon You feel a surge of power!
The quicksilver dragon breathes dispelling energy at you.
The bolt of dispelling energy hits you!!!
* * * LOW HITPOINT WARNING * * *
The orb of destruction hits the quicksilver dragon!!!
The quicksilver dragon is heavily wounded.
The quicksilver dragon breathes dispelling energy at you.
The bolt of dispelling energy hits you!!!
You die...

...##.......8.....8.......######.
.#######...))D)⌠.....†.####..###.
.###.# ##..##☼....##..##...####..
###..########.○...#####..###.....
##.##..## #.##°..## ##....#####
..#.##..###.##.○.######........##
.#.#####...##8...8).............#
.########.####...####.........(.#
.####.......####@###.............
#.##.........# #..###...........#
#.##.........# #..###..........##
#[###........# #...##..........##
##..#....)...###.##...........###
..####....)..##..####........###.
...####.(...)##..#####.......###.
....####.....#........##....###..
.....###..............####.......


You could see a quicksilver dragon (catching breath).

Vanquished Creatures
  Jorgrun (D:15)
  Agnes (D:15)
  Kirke (D:15)
  Donald (Orc:2)
  2 nagarajas (Snake:4)
  A dire elephant (Lair:5)
  Nessos (Orc:2)
  Azrael (D:15)
  Snorg (D:10)
  An ettin (Orc:1)
  A quicksilver dragon zombie (D:15)
  6 hydras
  2 vault guards (D:13)
  2 salamander tyrants (Snake:4)
  A sphinx zombie (D:15)
  6 centaur warriors
  An ogre mage (D:15)
  2 catoblepae
  8 anacondas
  3 boulder beetles
  A sphinx skeleton (D:15)
  5 two-headed ogres
  9 naga warriors
  3 tengu warriors (D:14)
  9 death yaks
  A hell hog (Volcano)
  A vampire mage (D:15)
  4 orc high priests
  7 shock serpents
  5 naga sharpshooters
  A salamander mystic (Snake:4)
  3 skeletal warriors
  2 arcanists (D:13)
  5 mana vipers
  A lindwurm (Volcano)
  4 naga ritualists
  4 necromancers
  The ghost of javelincjr the Trooper, a novice DsBe of Trog (D:7)
  4 orc knights (Orc:2)
  3 cyclopes
  4 orc sorcerers (Orc:2)
  Maurice (Orc:2)
  18 ugly things
  3 salamanders
  3 meliai (D:13)
  2 manticores (Lair:5)
  7 kobold blastminers
  2 elephants (Lair:5)
  12 naga magi
  44 black mambas
  A torpor snail (Lair:1)
  6 guardian serpents
  13 cane toads
  2 gargoyles (D:12)
  An unseen horror (D:13)
  3 rime drakes
  11 komodo dragons
  3 efreet
  Jeremiah (D:8)
  2 freezing wraiths
  4 kobold demonologists (D:9)
  9 trolls
  6 merfolk
  A troll (shapeshifter) (D:14)
  2 polar bears
  2 hornets
  19 blink frogs
  10 dream sheep
  2 centaur simulacra (D:14)
  2 shadows
  14 slime creatures
  2 wraiths
  2 fire elementals (D:15)
  2 wyverns
  11 fire bats (Volcano)
  4 hogs (D:15)
  29 yaks
  A basilisk (D:14)
  27 humans
  Eustachio (D:5)
  A steam dragon (D:7)
  A warg (Orc:2)
  A warg (shapeshifter) (D:14)
  3 vampire mosquitoes (D:6)
  2 hell hounds (D:15)
  Menkaure (D:5)
  31 nagas
  15 water moccasins
  3 acid dragons
  A meliai simulacrum (D:14)
  24 orc warriors
  An ice beast (D:7)
  A sky beast (D:8)
  A laughing skull (D:14)
  10 ogres
  3 black bears
  7 centaurs
  16 wolves
  6 kobold brigands
  16 bullfrogs
  A gnoll sergeant (D:10)
  4 scorpions
  3 wights (D:9)
  4 killer bees (D:8)
  6 howler monkeys
  2 electric eels
  2 bombardier beetles (D:5)
  A jelly (D:8)
  2 hounds
  28 orc priests
  A gnoll bouda (D:5)
  Terence (D:2)
  A sleepcap (D:4)
  4 iguanas
  27 orc wizards
  4 hell rats (Lair:3)
  8 gnolls
  7 adders
  A shadow imp (D:6)
  2 white imps
  3 dart slugs
  2 ribbon worms
  111 orcs
  8 ball pythons
  2 bats
  3 endoplasms
  4 giant cockroaches
  6 goblins
  8 hobgoblins
  7 jackals
  23 kobolds
  2 quokkas
  3 frilled lizards
  6 rats
846 creatures vanquished.

Vanquished Creatures (others)
  An orc wizard (D:4)
  51 fulminant prisms
52 creatures vanquished.

Grand Total: 898 creatures vanquished

Notes
Turn   | Place    | Note
-------+----------+-------------------------------------------
     0 | D:1      | Aldia the Deep Elf Conjurer began the quest for the Orb.
     0 | D:1      | Reached XP level 1. HP: 10/10 MP: 6/6
   195 | D:1      | Reached XP level 2. HP: 16/16 MP: 2/8
   198 | D:1      | Learned a level 2 spell: Searing Ray
  1202 | D:1      | Reached XP level 3. HP: 20/20 MP: 6/9
  1478 | D:2      | Noticed Terence
  1485 | D:2      | Killed Terence
  1486 | D:2      | Reached skill level 1 in Fighting
  1486 | D:2      | Reached skill level 5 in Conjurations
  1792 | D:2      | Reached XP level 4. HP: 25/25 MP: 8/11
  1797 | D:2      | Learned a level 4 spell: Fulminant Prism
  2496 | D:3      | Found Bueps's Weapon Boutique.
  2496 | D:3      | Noticed a +0 quick blade
  2504 | D:3      | Noticed a +0 demon trident
  2559 | D:3      | You fall into a shaft and drop 1 floor!
  2559 | D:4      | Found Xoxubif's Distillery.
  2560 | D:4      | Bought a potion of mutation for 96 gold pieces
  2560 | D:4      | Bought a potion of lignification for 36 gold pieces
  2593 | D:4      | Reached skill level 1 in Alchemy
  2599 | D:4      | Reached XP level 5. HP: 14/29 MP: 0/13
  2604 | D:4      | Reached skill level 3 in Dodging
  2613 | D:4      | Learned a level 4 spell: Iskenderun's Mystic Blast
  2615 | D:4      | Learned a level 1 spell: Apportation
  2928 | D:3      | Found a blossoming altar of Fedhas.
  2928 | D:3      | Found a shimmering blue altar of Sif Muna.
  2929 | D:3      | Found a white marble altar of Elyvilon.
  2955 | D:3      | Became a worshipper of Sif Muna the Loreminder
  2994 | D:3      | Found a snail-covered altar of Cheibriados.
  3375 | D:4      | Found Tasketuq's Jewellery Shoppe.
  3675 | D:4      | Found a staircase to the Ecumenical Temple.
  3686 | Temple   | Entered the Ecumenical Temple
  3760 | D:4      | Found Xuomotsu's Antique Armour Boutique.
  3843 | D:4      | Reached XP level 6. HP: 34/34 MP: 10/14
  4191 | D:5      | Entered Level 5 of the Dungeon
  4370 | D:5      | Reached * piety under Sif Muna
  4371 | D:5      | Reached skill level 5 in Spellcasting
  4371 | D:5      | Reached skill level 1 in Invocations
  4468 | D:5      | Noticed Menkaure
  4476 | D:5      | Killed Menkaure
  4477 | D:5      | Reached XP level 7. HP: 26/40 MP: 8/16
  5091 | D:5      | Noticed Eustachio
  5097 | D:5      | Killed Eustachio
  5098 | D:5      | Found a radiant altar of Vehumet.
  5208 | D:5      | Reached XP level 8. HP: 45/45 MP: 12/19
  5983 | D:6      | Reached ** piety under Sif Muna
  6122 | D:6      | Identified a scroll of acquirement
  6123 | D:6      | Acquired the ring of the Tsukumogami {rPois rF+ rN++ MP+9
                  | Int-2}
  6198 | D:6      | HP: 2/46 [centaur/arrow (6)]
  6200 | D:6      | Reached skill level 4 in Dodging
  6562 | D:6      | Reached skill level 5 in Alchemy
  6843 | D:7      | Found a runed translucent gate.
  6843 | D:7      | Found a runed translucent gate.
  6843 | D:7      | Found a runed translucent gate.
  6843 | D:7      | Noticed javelincjr's ghost (novice DsBe)
  6843 | D:7      | Found the +0 toga "Victory" {*Victory Clar}
  6874 | D:7      | Reached skill level 1 in Translocations
  6874 | D:7      | Reached XP level 9. HP: 50/50 MP: 22/22
  7286 | D:7      | Learned a level 5 spell: Iskenderun's Battlesphere
  7292 | D:7      | Learned a level 5 spell: Fireball
  7571 | D:7      | Reached skill level 5 in Dodging
  7571 | D:7      | Reached skill level 5 in Invocations
  7675 | D:7      | Killed javelincjr's ghost
  7692 | D:7      | Acquired 979 gold pieces
  7833 | D:4      | Bought a potion of attraction for 36 gold pieces
  7833 | D:4      | Bought a potion of berserk rage for 60 gold pieces
  7833 | D:4      | Bought a potion of ambrosia for 96 gold pieces
  8011 | D:8      | Noticed Jeremiah
  8018 | D:8      | Killed Jeremiah
  8019 | D:8      | Reached skill level 6 in Dodging
  8567 | D:8      | Reached *** piety under Sif Muna
  8989 | D:9      | Reached XP level 10. HP: 56/56 MP: 24/24
  9503 | D:9      | Reached skill level 1 in Shields
  9755 | D:9      | Found a staircase to the Orcish Mines.
  9794 | D:9      | Reached **** piety under Sif Muna
  9806 | D:9      | Learned a level 5 spell: Yara's Violent Unravelling
  9845 | D:9      | Noticed a rust devil
  9878 | D:9      | Noticed a two-headed ogre
  9885 | D:9      | Killed a two-headed ogre
  9886 | D:9      | Reached skill level 5 in Translocations
  9927 | D:9      | Reached skill level 1 in Fire Magic
 10116 | D:9      | Reached skill level 10 in Spellcasting
 10601 | D:10     | Entered Level 10 of the Dungeon
 10621 | D:10     | Noticed a red ugly thing
 10852 | D:10     | Killed a red ugly thing
 10853 | D:10     | Reached skill level 10 in Conjurations
 10853 | D:10     | Reached XP level 11. HP: 60/60 MP: 27/27
 10871 | D:10     | Found a staircase to the Lair.
 11018 | D:10     | Reached skill level 5 in Fire Magic
 11020 | D:10     | Reached skill level 7 in Dodging
 11069 | D:10     | Noticed Snorg
 11179 | D:10     | Killed Snorg
 11917 | Lair:1   | Entered Level 1 of the Lair of Beasts
 12567 | Lair:1   | Noticed a six-headed hydra
 12574 | Lair:1   | Killed a six-headed hydra
 12732 | Lair:1   | Reached skill level 1 in Hexes
 13371 | Lair:2   | Reached XP level 12. HP: 64/64 MP: 29/29
 13414 | Lair:2   | Found a dark tunnel.
 13428 | Volcano  | Entered a volcano
 13722 | Volcano  | Noticed a hell hog
 13728 | Volcano  | Killed a hell hog
 13736 | Volcano  | Identified the +0 pair of boots of Ociygohi {rC+ SInv}
 13816 | Lair:2   | Learned a level 4 spell: Passage of Golubria
 13819 | Lair:2   | Noticed a death yak
 13819 | Lair:2   | Noticed a death yak
 13821 | Lair:2   | Noticed a death yak
 13823 | Lair:2   | Noticed a death yak
 13823 | Lair:2   | Noticed a death yak
 13826 | Lair:2   | Killed a death yak
 13826 | Lair:2   | Noticed a death yak
 13827 | Lair:2   | Reached skill level 5 in Hexes
 13828 | Lair:2   | Killed a death yak
 13830 | Lair:2   | Killed a death yak
 13832 | Lair:2   | Killed a death yak
 13834 | Lair:2   | Killed a death yak
 13834 | Lair:2   | Killed a death yak
 14350 | Lair:2   | Reached skill level 8 in Dodging
 14472 | Lair:2   | Found a staircase to the Snake Pit.
 14639 | Lair:2   | Reached ***** piety under Sif Muna
 15132 | Lair:3   | Noticed a four-headed hydra
 15139 | Lair:3   | Killed a four-headed hydra
 15216 | Lair:3   | Noticed a catoblepas
 15226 | Lair:3   | Killed a catoblepas
 15227 | Lair:3   | Reached XP level 13. HP: 70/70 MP: 26/32
 15692 | Lair:3   | Learned a level 7 spell: Orb of Destruction
 15804 | Lair:3   | Found a staircase to the Shoals.
 16279 | Lair:3   | Reached skill level 9 in Dodging
 18147 | Lair:5   | Entered Level 5 of the Lair of Beasts
 18324 | Lair:5   | Reached skill level 10 in Hexes
 18348 | Lair:5   | Reached skill level 5 in Fighting
 18639 | Lair:5   | Reached skill level 10 in Dodging
 18680 | Lair:5   | Found a staircase to the Slime Pits.
 18680 | Lair:5   | Found a viscous altar of Jiyva.
 18719 | Lair:5   | Received a gift from Sif Muna
 19689 | Lair:5   | Noticed a dire elephant
 19693 | Lair:5   | Reached XP level 14. HP: 79/79 MP: 28/34
 19838 | Lair:5   | Identified the +1 robe "Jicae" {rElec Will- Slay+2
                  | Archmagi}
 20474 | D:11     | Identified the +6 trident "Bueleog" {freeze, rElec Int+3}
 21012 | D:12     | Reached skill level 11 in Dodging
 21047 | D:12     | Received a gift from Sif Muna
 21074 | D:12     | Reached skill level 15 in Spellcasting
 21086 | D:12     | Learned a level 5 spell: Irradiate
 21453 | D:12     | Identified the +2 pair of boots "Ykhlanio" {^Contam Rampage
                  | rPois Str+3}
 21518 | D:12     | Learned a level 2 spell: Blink
 21884 | Orc:1    | Entered Level 1 of the Orcish Mines
 22493 | Orc:1    | Received a gift from Sif Muna
 22750 | Orc:1    | Found Leytuafu's Distillery.
 22753 | Orc:1    | Bought a potion of curing for 48 gold pieces
 22753 | Orc:1    | Bought a potion of heal wounds for 80 gold pieces
 22753 | Orc:1    | Bought a potion of enlightenment for 80 gold pieces
 22753 | Orc:1    | Bought a potion of curing for 48 gold pieces
 22896 | Orc:2    | Entered Level 2 of the Orcish Mines
 22940 | Orc:2    | Noticed Donald
 22950 | Orc:2    | Killed Donald
 23169 | Orc:2    | Noticed Nessos
 23372 | Orc:2    | Killed Nessos
 23464 | Orc:2    | Found a staircase to the Elven Halls.
 23490 | Orc:2    | Noticed Maurice
 23501 | Orc:2    | Killed Maurice
 23665 | Orc:2    | Reached skill level 12 in Dodging
 23995 | Orc:2    | Found Aklia's Weapon Emporium.
 23995 | Orc:2    | Found Qobbuwau's Armour Emporium.
 23996 | Orc:2    | Found Xeaxzaahum's Distillery.
 23996 | Orc:2    | Found Mitueck's Book Boutique.
 24019 | Orc:2    | Bought a potion of cancellation for 80 gold pieces
 24033 | Orc:2    | Bought a manual of Dodging for 1120 gold pieces
 24385 | D:12     | Found an ornate altar of the Wu Jian Council.
 24690 | D:13     | Received a gift from Sif Muna
 24691 | D:13     | Reached XP level 15. HP: 63/86 MP: 27/36
 24704 | D:13     | Got Sif Muna's Dissertation on the Jinx and Command {god
                  | gift}
 25017 | D:13     | Reached skill level 13 in Dodging
 25017 | D:13     | Reached XP level 16. HP: 92/92 MP: 38/38
 25768 | D:13     | Identified the staff of Coatodyo {rF+ Earth}
 25858 | D:13     | Found a gate to the Vaults.
 26485 | D:14     | Reached skill level 14 in Dodging
 26700 | D:14     | Reached skill level 15 in Conjurations
 27223 | D:15     | Entered Level 15 of the Dungeon
 27410 | D:15     | Identified the +9 war axe of Tengin {distort, Will+ Dex+6}
 27646 | D:15     | Found a runed translucent door.
 27646 | D:15     | Found a shimmering altar of Xom.
 27646 | D:15     | Noticed Ver Nao's ghost (journeyman OpSh)
 27676 | D:15     | Reached skill level 10 in Invocations
 27676 | D:15     | Noticed Kirke
 27689 | D:15     | Killed Kirke
 27690 | D:15     | Reached skill level 15 in Dodging
 27872 | D:15     | Noticed Azrael
 27877 | D:15     | Killed Azrael
 27996 | D:15     | Noticed Agnes
 28139 | D:15     | Killed Agnes
 28230 | D:15     | Noticed Jorgrun
 28239 | D:15     | Killed Jorgrun
 28339 | D:15     | Received a gift from Sif Muna
 28382 | D:15     | Got Zeupai's Tractate on Translocational Lightning {god
                  | gift}
 28432 | D:15     | Found a staircase to the Depths.
 29153 | Snake:1  | Entered Level 1 of the Snake Pit
 29603 | Snake:1  | Reached skill level 16 in Dodging
 29844 | Snake:1  | Reached XP level 17. HP: 100/100 MP: 31/39
 30707 | Snake:2  | Found Baqourai's Armour Boutique.
 30714 | Snake:2  | Found a radiant altar of Vehumet.
 30900 | Snake:2  | Found Sisukil's Magic Scroll Boutique.
 30909 | Snake:2  | Bought a scroll of blinking for 120 gold pieces
 31156 | Snake:2  | Found Zulah's Armour Shoppe.
 31330 | Snake:2  | Found Kumecem's Distillery.
 31338 | Snake:2  | Bought a potion of cancellation for 120 gold pieces
 31606 | Snake:3  | Reached skill level 17 in Dodging
 32174 | Snake:3  | Reached skill level 10 in Fighting
 32814 | Snake:3  | Found Ymeots's Antique Armour Shoppe.
 32952 | Snake:4  | Entered Level 4 of the Snake Pit
 33146 | Snake:4  | Found a transporter.
 33153 | Snake:4  | Noticed AutarchDCSS's ghost (adept DgSh)
 33165 | Snake:4  | Found a transporter.
 33368 | Snake:4  | Reached skill level 18 in Dodging
 34086 | Snake:4  | Received a gift from Sif Muna
 34089 | Snake:4  | Noticed a quicksilver dragon
 34107 | Snake:4  | Killed from afar by a quicksilver dragon

Illustrated notes

Levels and vault maps discovered:
D:1:      minmay_arrival_plants_in_alcoves, layout_basic,
          chequers_serial_rivers_large_b, minmay_octomino_j4
D:2:      layout_loops_cross, uniq_terence
D:3:      layout_basic, gammafunk_temple_overflow_forgotten,
          mainiacjoe_overflow_catwalk, serial_shops, nicolae_shop_mannequins,
          minmay_misc_feat_x, serial_bayou_ford_a
D:4:      layout_loops_cross, minmay_temple_entry_gardened_gates, serial_shops,
          shop, kennysheep_mini_moat, kennysheep_windowed_goal
D:5:      layout_gridville, fiery_altar_vehumet, minmay_misc_feat_rugged,
          kennysheep_another_room, uniq_eustachio, uniq_menkaure
D:6:      layout_cave_pods
D:7:      layout_loops_ring, ebering_ghost_rock_garden
D:8:      layout_loops_ring, minivault_1, uniq_jeremiah
D:9:      layout_stronghold, hiddenorc2_lemuel
D:10:     layout_loops_ring, due_lair_maze_entry_diamond, uniq_snorg
D:11:     layout_roguey
D:12:     layout_cave_pools, special_room [special_room_orc], roadster_trireme
D:13:     layout_cave_pools, grunt_vaults_entry_tiered,
          hangedman_abyss_or_decor_lesser_grid
D:14:     minmay_four_partial_circles, layout_loops_corners,
          serial_library_regret_index_double_sided
D:15:     gammafunk_depths_entry_grave, layout_rooms, ebering_ghost_xom,
          uniq_agnes, uniq_jorgrun, uniq_kirke, uniq_azrael
Temple:   nicolae_temple_bog_church
Lair:1:   wander_river, layout_chaotic_city, wad_woods_road_05,
          grunt_megastairs_4, serial_bayou_shore_a
Lair:2:   layout_regular_city, minmay_snake_entry_guardpost_medium,
          nicolae_volcano_entry_hallway
Lair:3:   layout_layer_cave, elwin_shoals_entry_rooms
Lair:4:   layout_cave_pods
Lair:5:   hangedman_lair_in_review, layout_long_grid,
          minmay_slime_entry_pillars, serial_bayou_lake_a
Snake:1:  layout_rooms
Snake:2:  layout_onion_interference, serial_shops, nicolae_lakefront_shop,
          nicolae_shop_scrapyard, shop, nicolae_shop_getting_attention,
          basic_altar
Snake:3:  layout_rooms, serial_shops, shop, statue_in_the_mist_lemuel
Snake:4:  hellmonk_snake_rune_quicksilver_temple, layout_chambers,
          gammafunk_ghost_berserking_beasts, dpeg_stationary_puzzle
Orc:1:    layout_diamond_mine, serial_shops, nicolae_shop_behind_doors,
          basic_altar
Orc:2:    st_orc_elflike, layout_caves, uniq_donald, uniq_nessos, uniq_maurice

Skill      XL: |  1  2  3  4  5  6  7  8  9 10 11 12 13 14 15 16 17 |
---------------+----------------------------------------------------+-----
Stealth        | 3 4 |  4.0
Fighting       | 1 2 3 4 5 7 9 10 | 10.4
Conjurations   | 5 6 7 8 10 11 13 14 16 17 | 17.0
Spellcasting   | 4 5 6 7 8 10 11 13 14 15 16 17 | 17.7
Alchemy        | 1 2 3 5 6 7 8 |  8.0
Dodging        | 3 4 6 7 8 10 12 13 16 18 | 18.4
Invocations    | 1 3 4 6 7 8 9 10 | 10.1
Translocations | 1 4 5 |  5.2
Shields        | 3 4 |  4.0
Fire Magic     | 4 8 |  8.0
Hexes          | 2 8 10 | 10.0

Action                     |  1- 3 |  4- 6 |  7- 9 | 10-12 | 13-15 | 16-18 || total
---------------------------+-------+-------+-------+-------+-------+-------++-------
  Melee: Rapier            |     9 |    14 |       |       |       |       ||    23
         Dagger            |       |    13 |       |       |       |       ||    13
         Whip              |       |       |     5 |       |       |       ||     5
         Falchion          |       |       |    37 |       |       |       ||    37
         Staff             |       |       |       |     9 |    15 |    25 ||    49
   Cast: Magic Dart        |    56 |    88 |   138 |   363 |   393 |    47 ||  1085
         Searing Ray       |     2 |    17 |    25 |    28 |    10 |       ||    82
         Fulminant Prism   |       |     3 |    12 |    21 |     7 |     8 ||    51
         Iskenderun's Myst |       |       |     3 |    21 |    48 |    69 ||   141
         Iskenderun's Batt |       |       |     2 |    31 |    63 |     6 ||   102
         Fireball          |       |       |       |    18 |    77 |    83 ||   178
         Yara's Violent Un |       |       |       |       |     9 |     6 ||    15
         Orb of Destructio |       |       |       |       |     8 |   131 ||   139
         Blink             |       |       |       |       |     1 |       ||     1
         Irradiate         |       |       |       |       |     2 |     9 ||    11
 Invoke: Channel Magic     |       |       |       |     3 |     5 |     8 ||    16
  Evoke: Wand              |       |       |     2 |     2 |     1 |    11 ||    16
    Use: Scroll            |       |     5 |     8 |     8 |    10 |    11 ||    42
         Potion            |       |     1 |       |     1 |     2 |     3 ||     7
   Stab: Sleeping          |     1 |       |     1 |       |       |       ||     2
 Armour: Robe              |     3 |    41 |    74 |   133 |   113 |   153 ||   517
         Skin              |       |       |       |       |       |     1 ||     1
  Dodge: Dodged            |     9 |    31 |    89 |    82 |    87 |    98 ||   396
         Repelled          |       |       |       |       |       |     2 ||     2
  Block: Buckler           |       |       |       |    32 |    36 |    36 ||   104
